 Dungeon Crawl Stone Soup version 0.29-a0-284-gf9362112df (webtiles) character file.

Game seed: 14210690372729622343

44386 siradein the Fey Demonspawn (level 13, -4/99 HPs)
             Began as a Demonspawn Necromancer on Mar 29, 2022.
             Was a Believer of Yredelemnul.
             Slain by a tyrant leech (30 damage)
             ... on level 6 of the Lair of Beasts.
             The game lasted 01:38:07 (18432 turns).

siradein the Fey Demonspawn (DsNe)                 Turns: 18432, Time: 01:38:08

Health: -4/99      AC: 10    Str:  8    XL:     13   Next: 96%
Magic:  22/25      EV: 24    Int: 25    God:    Yredelemnul [**....]
Gold:   1115       SH: 15    Dex: 16    Spells: 18/28 levels left

rFire   . . .      SeeInvis .   S - +3 morningstar (freeze)
rCold   . . .      Faith    .   N - +0 kite shield
rNeg    . . .      Spirit   .   X - +1 ring mail of the Fife {Int+5}
rPois   .          Reflect  +   g - +0 helmet
rElec   .          Harm     .   (cloak unavailable)
rCorr   .          Rampage  .   Q - +0 pair of gloves
Will    .....                   (no boots)
Stlth   +.........              l - amulet of reflection
HPRegen 0.26/turn               Z - +4 ring of evasion
MPRegen 0.38/turn               V - +4 ring of evasion

@: lethally poisoned (-4 -> -5), repel missiles
A: repulsion field 3, powered by pain 2, magic regeneration, weakness stinger 3
a: Renounce Religion, Recall Undead Harvest, Dark Bargain


You were on level 6 of the Lair of Beasts.
You worshipped Yredelemnul.
Yredelemnul was pleased with you.
You visited 3 branches of the dungeon, and saw 18 of its levels.
You also visited: Gauntlet.

You collected 1115 gold pieces.

Inventory:

Hand Weapons
 a - a +6 flail of protection
 D - a +2 whip of flaming
 S - a +3 morningstar of freezing (weapon)
 Y - the +8 war axe of Optimality {flame, Will+}
   (You found it on level 3 of the Lair of Beasts)

   It burns those it strikes, dealing additional fire damage.
   Big, fiery blades are also staple armaments of hydra-hunters.
   Will:      It increases your willpower.
Missiles
 c - 810 stones
 p - 5 throwing nets
 v - 6 curare-tipped darts
Armour
 g - a +0 helmet (worn)
 t - the +0 troll leather armour of Starshine {+Inv Regen+ Str-4 Dex+8}
   (You found it on level 5 of the Dungeon)

   Str:       It affects your strength (-4).
   Dex:       It affects your dexterity (+8).
   +Inv:      It lets you turn invisible.
   Regen:     It increases your rate of health regeneration.
 N - a +0 kite shield (worn)
 Q - a +0 pair of gloves (worn)
 X - the +1 ring mail of the Fife (worn) {Int+5}
   (You found it on level 2 of the Lair of Beasts)

   Int:       It affects your intelligence (+5).
Jewellery
 l - an amulet of reflection (around neck)
 R - a ring of fire
 U - a ring of magical power
 V - a +4 ring of evasion (right hand)
 Z - a +4 ring of evasion (left hand)
Wands
 n - a wand of mindburst (7)
 y - a wand of polymorph (6)
 A - a wand of paralysis (10)
 H - a wand of flame (26)
 T - a wand of charming (7)
Scrolls
 i - a scroll of brand weapon {unknown}
 k - 3 scrolls of enchant armour
 m - 5 scrolls of teleportation
 q - a scroll of blinking
 s - 2 scrolls of vulnerability {unknown}
 u - 3 scrolls of immolation {unknown}
 w - a scroll of silence {unknown}
 B - 2 scrolls of enchant weapon {unknown}
 E - 2 scrolls of torment {unknown}
 I - 2 scrolls of noise {unknown}
 K - 4 scrolls of fear
 M - a scroll of amnesia {unknown}
 O - 3 scrolls of magic mapping {unknown}
Potions
 b - 2 potions of magic
 d - 2 potions of brilliance
 e - 3 potions of invisibility
 f - 2 potions of mutation
 j - 2 potions of resistance
 o - 2 potions of berserk rage
 r - 3 potions of cancellation
 x - 12 potions of curing {unknown}
 z - 2 potions of degeneration {unknown}
 C - 2 potions of heal wounds {unknown}
 F - a potion of haste {unknown}
 G - 2 potions of lignification {unknown}
 J - a potion of might {unknown}
 L - 3 potions of attraction {unknown}
 P - 3 potions of flight {unknown}
Miscellaneous
 h - a tin of tremorstones (2/2)
 W - a phial of floods


   Skills:
 + Level 8.4 Fighting
 + Level 7.1 Maces & Flails
 + Level 7.1 Armour
 + Level 8.0 Dodging
 - Level 1.7 Stealth
 + Level 5.5 Shields
 + Level 8.0 Spellcasting
 + Level 11.6 Necromancy
 + Level 12.3 Invocations
 + Level 7.3 Evocations


You had 18 spell levels left.
You knew the following spells:

 Your Spells              Type           Power      Damage    Failure   Level
a - Vampiric Draining     Necr           62%        2d10      1%          3
b - Pain                  Necr           100%       1d9       1%          1
c - Simulacrum            Ice/Necr       19%        N/A       99%         6

Your spell library contained the following spells:

 Spells                   Type           Power      Damage    Failure   Level
 Animate Skeleton         Necr           100%       N/A       1%          1
 Animate Dead             Necr           31%        N/A       3%          4
 Agony                    Necr           62%        N/A       10%         5
 Apportation              Tloc           20%        N/A       41%         1
 Slow                     Hex            40%        N/A       41%         1
 Confusing Touch          Hex            10%        N/A       78%         3
 Ozocubu's Armour         Ice            10%        N/A       78%         3
 Teleport Other           Tloc           10%        N/A       78%         3
 Passage of Golubria      Tloc           10%        N/A       99%         4
 Summon Lightning Spire   Summ/Air       10%        N/A       99%         4
 Manifold Assault         Tloc           10%        N/A       100%        5
 Metabolic Englaciation   Hex/Ice        5%         N/A       100%        5
 Yara's Violent Unravell  Hex/Tmut       5%         3d4       100%        5
 Enfeeble                 Hex            5%         N/A       100%        7
 Storm Form               Tmut/Air       5%         N/A       100%        7
 Maxwell's Capacitive Co  Air            5%         ∞         100%        8


Dungeon Overview and Level Annotations

Branches:
Dungeon (11/15)            Temple (1/1) D:6            Lair (6/6) D:9
 Shoals (0/4) Lair:2        Snake (0/4) Lair:3        Slime (0/5) Lair:5
    Orc (0/2) D:9         Gauntlet (visited)

Altars:
Ashenzari
Cheibriados
Dithmenos
Elyvilon
Fedhas
Gozag
Hepliaklqana
Kikubaaqudgha
Makhleb
Nemelex Xobeh
Okawaru
Qazlal
Ru
Sif Muna
Trog
Uskayaw
Vehumet
Wu Jian
Xom
Yredelemnul
Zin
The Shining One
Jiyva

Shops:
D:11 (

Annotations:
D:2 1 runed translucent door, Crazy Yiuf
Lair:6 1 runed translucent door


Innate Abilities, Weirdness & Mutations

You are surrounded by a strong repulsion field. (EV +4, RMsl)
You sometimes gain power by taking damage.
You regenerate magic rapidly.
You have a sharp stinger which inflicts weakening toxins.


Message History

Unknown command.
Aiming: Vampiric Draining (safe; 1% risk of failure)
Press: ? - help, Q - select action, (/) - cycle Shift-Dir - straight line, f - tyrant leech
Aim: a tyrant leech (moderately wounded)
You draw life force from the tyrant leech.
You feel life coursing into your body.
You feel sick.
Your hornet zombie hits the tyrant leech!
The tyrant leech misses you.
Your hornet zombie hits the torpor snail!
Your hornet zombie hits the torpor snail.
The torpor snail closely misses your hornet zombie.
Unknown command.
Aiming: Vampiric Draining (safe; 1% risk of failure)
Press: ? - help, Q - select action, (/) - cycle Shift-Dir - straight line, f/p - tyrant leech
Aim: a tyrant leech (heavily wounded)
You draw life force from the tyrant leech.
You feel life coursing into your body.
You feel sick.
Your hornet zombie hits the tyrant leech!
Your hornet zombie hits the torpor snail!
The torpor snail dies!
The tyrant leech bites you!
* * * LOW HITPOINT WARNING * * *
You focus on the pain.
You feel your power returning.
The tyrant leech draws strength from your injuries!
Your hornet zombie barely misses the tyrant leech.
Aiming: Vampiric Draining (safe; 1% risk of failure)
Press: ? - help, Q - select action, (/) - cycle Shift-Dir - straight line, f/p - tyrant leech
Aim: a tyrant leech (heavily wounded, ally target)
You draw life force from the tyrant leech!
You feel life coursing into your body!
You feel yourself speed up.
You feel sick.
Your hornet zombie is no longer moving slowly. x4
Your hornet zombie completely misses the tyrant leech.
Your hornet zombie barely misses the tyrant leech.
The tyrant leech bites you!!
You die...
Your body rises from the dead as a mindless zombie. ...# ..PP### ###. ...P..# P..w ......# #... .#...## ##$.. #..#P.## PPP.#

#####..## #P..####
#....# #.Zw#.## ..
##..### #Z@Z#.##...
##..## ####Z.......#
##....# #.#.......##
#...### ##....P.#.#
P..### ###....###.##
⌠.##.# ###.....## ##
#...#####.....#..#
#....#.#.....##....P
###.......######.....


You could see a tyrant leech (ally target) and 4 friendly hornet zombies.

Vanquished Creatures
  2 hydras
  6 death yaks
  A two-headed ogre (D:8)
  A fire crab (Lair:6)
  3 elephants (Lair:4)
  3 torpor snails
  4 black mambas (Lair:3)
  4 cane toads
  A komodo dragon (Lair:5)
  An unseen horror (D:11)
  A troll (D:11)
  A merfolk (Lair:2)
  A tyrant leech (Lair:6)
  3 hornets (Lair:6)
  4 blink frogs
  A dream sheep (Lair:1)
  23 yaks
  2 wraiths
  3 wyverns
  Edmund (D:4)
  A warg (Lair:6)
  13 water moccasins
  4 orc warriors
  2 black bears
  2 ice beasts
  2 ogres
  5 centaurs
  11 wolves (Lair:3)
  4 kobold brigands
  2 scorpions
  13 bullfrogs
  2 gnoll sergeants
  5 necrophages
  13 wights
  4 killer bees (D:8)
  9 howler monkeys
  3 orc priests
  A gnoll shaman (D:4)
  3 hounds
  Ijyb (D:4)
  Jessica (D:2)
  An iguana (D:5)
  2 orc wizards
  20 gnolls
  3 adders
  2 ufetubi
  2 worms
  26 orcs
  7 ball pythons
  3 bats
  6 endoplasms
  2 giant cockroaches
  6 goblins
  8 hobgoblins
  3 jackals (D:1)
  4 frilled lizards
  19 kobolds
  5 rats
286 creatures vanquished.

Vanquished Creatures (collateral kills)
  Snorg (Lair:6)
  Harold (D:10)
  A hydra (Lair:3)
  5 death yaks
  Pikel (D:7)
  3 elephants (Lair:4)
  A merfolk siren (Lair:2)
  A black mamba (Lair:3)
  2 torpor snails (Lair:6)
  6 cane toads
  A rime drake (Lair:3)
  5 komodo dragons
  2 merfolk (Lair:2)
  2 polar bears
  2 hornets (Lair:6)
  5 blink frogs
  A dream sheep (Lair:1)
  21 yaks
  A wraith (D:6)
  A wyvern (Lair:2)
  2 basilisks
  A steam dragon (D:6)
  Menkaure (D:6)
  7 water moccasins
  An orc warrior (D:9)
  A black bear (D:6)
  13 wolves (Lair:3)
  A lemure (D:7)
  A phantom (D:6)
  2 kobold brigands
  A necrophage (D:6)
  11 bullfrogs
  4 wights
  2 killer bees (D:8)
  2 howler monkeys
  A jelly (D:6)
  An orc priest (D:6)
  A gnoll shaman (Lair:1)
  2 iguanas
  An orc wizard (D:6)
  An adder (D:6)
  2 orcs
  10 kobolds
132 creatures vanquished.

Vanquished Creatures (others)
  2 death yak zombies (Lair:5)
  A hydra zombie (Lair:3)
  A spectral cane toad (Lair:3)
  2 cane toad zombies
  A hornet zombie (Lair:6)
  A blink frog zombie (Lair:3)
  A torpor snail zombie (Lair:6)
  A fire crab zombie (Lair:6)
  2 komodo dragon zombies (Lair:5)
  6 water moccasin zombies
  A spectral wolf (Lair:5)
  A warg zombie (Lair:6)
  4 yak zombies
  4 wolf zombies (Lair:3)
  A centaur zombie (D:6)
  7 bullfrog zombies
  4 howler monkey zombies
  3 gnoll zombies
  3 kobold zombies
  10 orc zombies
  2 spectral ufetubi
  39 fungi
  55 plants
152 creatures vanquished.

Grand Total: 570 creatures vanquished

Notes
Turn   | Place    | Note
-------+----------+-------------------------------------------
     0 | D:1      | siradein the Demonspawn Necromancer began the quest for the
                  | Orb.
     0 | D:1      | Reached XP level 1. HP: 13/13 MP: 3/3
   793 | D:1      | Gained mutation: You are surrounded by a mild repulsion
                  | field. (EV +2) [demonic ancestry]
   793 | D:1      | Reached XP level 2. HP: 19/20 MP: 3/5
   793 | D:1      | Found a faded altar of an unknown god.
  1194 | D:1      | Reached skill level 1 in Fighting
  1230 | D:1      | Gained mutation: You regenerate magic rapidly. [demonic
                  | ancestry]
  1230 | D:1      | Reached XP level 3. HP: 22/26 MP: 6/6
  1313 | D:1      | Learned a level 3 spell: Vampiric Draining
  1983 | D:2      | Noticed Jessica
  1990 | D:2      | Killed Jessica
  1991 | D:2      | Reached skill level 5 in Necromancy
  1991 | D:2      | Gained mutation: You are surrounded by a moderate repulsion
                  | field. (EV +3) [demonic ancestry]
  1991 | D:2      | Reached XP level 4. HP: 29/32 MP: 4/7
  2175 | D:2      | Found a runed translucent door.
  2176 | D:2      | Noticed Crazy Yiuf
  2589 | D:3      | Noticed an ice beast
  2971 | D:4      | Noticed Edmund
  3054 | D:4      | Noticed Ijyb
  3095 | D:4      | Killed Ijyb
  3096 | D:4      | Reached XP level 5. HP: 7/38 MP: 6/9
  3460 | D:4      | HP: 1/38 [Edmund/+6 flail of protection (10)]
  3516 | D:4      | Killed Edmund
  3794 | D:4      | Gained mutation: You are surrounded by a strong repulsion
                  | field. (EV +4, RMsl) [demonic ancestry]
  3794 | D:4      | Reached XP level 6. HP: 46/46 MP: 10/10
  4467 | D:5      | Entered Level 5 of the Dungeon
  4470 | D:5      | Noticed an ice beast
  4477 | D:5      | Killed an ice beast
  4478 | D:5      | Gained mutation: You sometimes gain a little power by
                  | taking damage. [demonic ancestry]
  4478 | D:5      | Reached XP level 7. HP: 52/52 MP: 12/12
  4593 | D:3      | Reached skill level 1 in Maces & Flails
  4593 | D:3      | Reached skill level 1 in Armour
  5037 | D:5      | Identified the +0 troll leather armour of Starshine {+Inv
                  | Regen+ Str-4 Dex+8}
  5451 | D:5      | Gained mutation: You have a small tail. [demonic ancestry]
  5451 | D:5      | Reached XP level 8. HP: 60/60 MP: 7/14
  5691 | D:5      | Noticed a gargoyle
  6072 | D:6      | Found a staircase to the Ecumenical Temple.
  6082 | Temple   | Entered the Ecumenical Temple
  6165 | Temple   | Became a worshipper of Yredelemnul the Dark
  6393 | D:6      | Reached skill level 1 in Invocations
  6443 | D:6      | Reached * piety under Yredelemnul
  6443 | D:6      | Reached skill level 1 in Evocations
  6552 | D:6      | Reached ** piety under Yredelemnul
  6609 | D:6      | Noticed Menkaure
  6621 | D:6      | Reached skill level 2 in Invocations
  6624 | D:6      | Killed Menkaure
  6715 | D:6      | Reached XP level 9. HP: 50/66 MP: 15/15
  6719 | D:6      | Reached *** piety under Yredelemnul
  6828 | D:6      | Reached skill level 3 in Invocations
  7120 | D:7      | Noticed Pikel
  7126 | D:7      | Paralysed by Pikel for 3 turns
  7130 | D:7      | Killed Pikel
  7131 | D:7      | Reached skill level 5 in Fighting
  7131 | D:7      | Reached skill level 5 in Dodging
  7131 | D:7      | Reached skill level 5 in Spellcasting
  7303 | D:7      | Reached skill level 4 in Invocations
  7727 | D:7      | Gained mutation: You have a tail ending in a sharp stinger.
                  | [demonic ancestry]
  7727 | D:7      | Reached XP level 10. HP: 73/73 MP: 17/17
  8030 | D:8      | Noticed a two-headed ogre
  8040 | D:8      | Killed a two-headed ogre
  8041 | D:8      | Reached skill level 5 in Invocations
  8683 | D:9      | Identified the +2 leather armour of Sif Muna's Whim {rF-
                  | rN+ Str+4 Dex+5}
  8715 | D:9      | Reached skill level 6 in Invocations
  8725 | D:9      | Found a staircase to the Orcish Mines.
  9151 | D:9      | Found a staircase to the Lair.
  9366 | D:10     | Entered Level 10 of the Dungeon
  9532 | D:10     | Reached skill level 1 in Shields
  9890 | D:10     | Noticed Harold
  9901 | D:10     | Killed Harold
  9902 | D:10     | Reached skill level 7 in Invocations
  9902 | D:10     | Reached XP level 11. HP: 76/81 MP: 16/19
 10292 | D:11     | Reached skill level 10 in Necromancy
 10326 | D:11     | Found Evykutad's Weapon Emporium.
 10437 | D:11     | Found a gate leading to a gauntlet.
 10467 | Gauntlet | Entered a Gauntlet
 10467 | Gauntlet | Found a transporter.
 10467 | Gauntlet | Found a transporter.
 10469 | Gauntlet | Noticed a catoblepas
 10471 | Gauntlet | Found a runed translucent door.
 10473 | Gauntlet | Found a transporter.
 10475 | Gauntlet | Found a runed translucent door.
 10485 | Gauntlet | Found a transporter.
 10499 | Gauntlet | Found a large runed translucent door.
 10500 | Gauntlet | Found a large runed translucent door.
 10501 | Gauntlet | Found a large runed translucent door.
 10501 | Gauntlet | Found a large runed translucent door.
 10501 | Gauntlet | Found a large runed translucent door.
 10501 | Gauntlet | Found a large runed translucent door.
 10501 | Gauntlet | Found a large runed translucent door.
 10501 | Gauntlet | Found a large runed translucent door.
 10502 | Gauntlet | Found a runed translucent door.
 10502 | Gauntlet | Found a runed translucent gate.
 10503 | Gauntlet | Found a runed translucent gate.
 10503 | Gauntlet | Found a transporter.
 10503 | Gauntlet | Found a transporter.
 10503 | Gauntlet | Found a transporter.
 10505 | Gauntlet | Found a transporter.
 10505 | Gauntlet | Found a transporter.
 10510 | Gauntlet | Noticed a sixfirhy
 10514 | Gauntlet | Noticed a sixfirhy
 10517 | Gauntlet | Noticed a sixfirhy
 10520 | Gauntlet | Found a transporter.
 10535 | Gauntlet | Found a transporter.
 10545 | Gauntlet | Found a transporter.
 10546 | Gauntlet | Noticed a cacodemon
 10560 | Gauntlet | Found a transporter.
 10571 | Gauntlet | Found a large runed translucent door.
 10572 | Gauntlet | Found a large runed translucent door.
 10573 | Gauntlet | Found a large runed translucent door.
 10573 | Gauntlet | Found a large runed translucent door.
 10573 | Gauntlet | Found a large runed translucent door.
 10573 | Gauntlet | Found a large runed translucent door.
 10574 | Gauntlet | Found a runed translucent gate.
 10574 | Gauntlet | Found a large runed translucent door.
 10574 | Gauntlet | Found a runed translucent door.
 10574 | Gauntlet | Found a large runed translucent door.
 10579 | Gauntlet | Found a transporter.
 10587 | Gauntlet | Noticed a death scarab
 11376 | Lair:1   | Entered Level 1 of the Lair of Beasts
 11512 | Lair:1   | Reached skill level 5 in Armour
 11567 | Lair:1   | Noticed a six-headed hydra
 11579 | Lair:1   | Killed a six-headed hydra
 11580 | Lair:1   | Reached skill level 5 in Maces & Flails
 11629 | Lair:1   | Reached skill level 8 in Invocations
 11756 | Lair:1   | Reached skill level 5 in Evocations
 11761 | Lair:1   | Reached **** piety under Yredelemnul
 11876 | Lair:1   | Reached ***** piety under Yredelemnul
 12172 | Lair:1   | Reached skill level 9 in Invocations
 12182 | Lair:1   | Reached ****** piety under Yredelemnul
 12503 | Lair:2   | Gained mutation: You have a sharp stinger which inflicts
                  | weakening toxins. [demonic ancestry]
 12503 | Lair:2   | Reached XP level 12. HP: 89/89 MP: 21/21
 12540 | Lair:2   | Found a staircase to the Shoals.
 12833 | Lair:2   | Got the Catalogue of the Ageless Knaves
 12874 | Lair:2   | Identified the +1 ring mail of the Fife {Int+5}
 13340 | Lair:3   | Noticed a death yak
 13340 | Lair:3   | Noticed a death yak
 13340 | Lair:3   | Noticed a death yak
 13341 | Lair:3   | Noticed an eight-headed hydra
 13384 | Lair:2   | Reached skill level 10 in Invocations
 13465 | Lair:3   | Identified the +8 war axe of Optimality {flame, Will+}
 13577 | Lair:3   | Noticed a death yak
 13581 | Lair:3   | Noticed a death yak
 13589 | Lair:3   | Killed a death yak
 13594 | Lair:3   | Killed a death yak
 13596 | Lair:3   | Killed a death yak
 13600 | Lair:3   | Killed a death yak
 13601 | Lair:3   | Killed a death yak
 13674 | Lair:3   | Killed a seven-headed hydra
 13880 | Lair:3   | Noticed a six-headed hydra
 13890 | Lair:3   | Killed a four-headed hydra
 13891 | Lair:3   | Reached skill level 11 in Invocations
 13909 | Lair:3   | Gained mutation: You sometimes gain power by taking damage.
                  | [demonic ancestry]
 13909 | Lair:3   | Reached XP level 13. HP: 80/97 MP: 11/24
 13981 | Lair:3   | Learned a level 6 spell: Simulacrum
 14195 | Lair:3   | Found a staircase to the Snake Pit.
 15301 | Lair:4   | Identified the +7 trident of the Sun {vorpal, rC+}
 16403 | Lair:5   | Found a viscous altar of Jiyva.
 16403 | Lair:5   | Found a staircase to the Slime Pits.
 16455 | Lair:5   | Reached skill level 5 in Shields
 16870 | Lair:5   | Reached skill level 12 in Invocations
 17619 | Lair:6   | Entered Level 6 of the Lair of Beasts
 17991 | Lair:6   | Noticed Snorg
 18003 | Lair:6   | Killed Snorg
 18113 | Lair:6   | Found a runed translucent door.
 18113 | Lair:6   | Noticed a fire dragon
 18424 | Lair:6   | Paralysed by a hornet for 3 turns
 18432 | Lair:6   | Slain by a tyrant leech

Illustrated notes

Levels and vault maps discovered:
D:1:      giann_forest_graveyard, layout_rooms,
          hellmonk_ecumenical_altar_run_dry, minmay_stone_trees_small
D:2:      layout_loops_ring, kennysheep_boxes, uniq_jessica,
          uniq_crazy_yiuf_cottage
D:3:      layout_basic, minmay_misc_feat_hallway, st_stairs_8
D:4:      layout_loops_cross, chequers_mini_garden, uniq_ijyb, uniq_edmund
D:5:      layout_loops_ring, hangedman_abyss_or_decor_stagger,
          chequers_serial_rivers_micro_b
D:6:      minmay_opposing_rooms, layout_rooms, minmay_temple_entry_stoned_glass,
          uniq_menkaure
D:7:      layout_gridville, uniq_pikel
D:8:      layout_cave_pools, skrybe_limestone_x
D:9:      layout_loops_cross, lair_entry_dummy, david_orc_2, minivault_1
D:10:     layout_roguey, elyvilon_altar_1, uniq_harold
D:11:     layout_basic, gauntlet_entry_generic, serial_shops,
          nicolae_shop_bloodbath_and_beyond
Temple:   mainiacjoe_temple_archimedes_tessellation
Lair:1:   layout_regular_city, dreamdust_gnoll_shepherd
Lair:2:   layout_regular_city, elwin_shoals_entry_stream, ldierk_geyser
Lair:3:   layout_loops_ring, minmay_snake_entry_six_corridors,
          grunt_forest_large_clearings, grunt_megastairs_3, lemuel_fruit_tree
Lair:4:   layout_small_grid, infiniplex_staircase_pool_2
Lair:5:   layout_cave_pods, dpeg_slime_entry_enclosed_altar
Lair:6:   hangedman_lair_caniforms_friends, layout_regular_city, wormcave,
          uniq_snorg

Skill      XL: |  1  2  3  4  5  6  7  8  9 10 11 12 13 |
---------------+----------------------------------------+-----
Dodging        | 2 3 4 5 6 7 8 |  8.0
Fighting       | 1 2 3 4 5 6 7 8 |  8.4
Necromancy     | 5 6 7 8 9 10 11 | 11.6
Spellcasting   | 3 4 5 6 7 8 |  8.0
Maces & Flails | 1 2 3 4 5 6 7 |  7.1
Armour         | 1 2 3 4 5 6 7 |  7.1
Invocations    | 2 4 7 9 11 12 | 12.3
Evocations     | 1 3 4 5 6 7 |  7.3
Shields        | 1 3 4 5 |  5.5
Stealth        | |  1.7

Action                   |  1- 3 |  4- 6 |  7- 9 | 10-12 | 13-15 || total
-------------------------+-------+-------+-------+-------+-------++-------
Melee: Unarmed           |     6 |       |       |       |       ||     6
       Club              |     2 |       |       |       |       ||     2
       Dagger            |    30 |    13 |       |       |       ||    43
       Whip              |     4 |       |       |       |       ||     4
       Flail             |       |    38 |   246 |   379 |       ||   663
       Punch             |       |     1 |     3 |     2 |       ||     6
       Tailslap          |       |       |    40 |   102 |    56 ||   198
       Morningstar       |       |       |       |    66 |   142 ||   208
       War axe           |       |       |       |    34 |    91 ||   125
Throw: Stone             |       |       |     4 |     5 |       ||     9
 Cast: Pain              |    44 |    36 |       |       |       ||    80
       Vampiric Draining |       |    11 |    26 |   131 |   111 ||   279
Invok: Dark Bargain      |       |       |     1 |     3 |       ||     4
       Recall Undead Har |       |       |     3 |     8 |     2 ||    13
       Bind Soul         |       |       |       |     1 |     1 ||     2
  Use: Scroll            |       |     6 |     2 |     3 |     2 ||    13
 Stab: Held in net/web   |       |     1 |       |       |       ||     1
       Sleeping          |       |     1 |     4 |     4 |       ||     9
       Distracted        |       |       |     1 |     2 |     3 ||     6
Armor: Robe              |     3 |       |       |       |       ||     3
       Leather armour    |     7 |    10 |     2 |       |       ||    19
       Troll leather arm |       |       |    63 |   131 |       ||   194
       Ring mail         |       |       |       |    17 |    42 ||    59
Dodge: Dodged            |    38 |    37 |   278 |   530 |   295 ||  1178
       Repelled          |       |       |     3 |     1 |       ||     4
Block: Other             |       |    14 |    69 |    31 |       ||   114
       Reflection        |       |     1 |     1 |     8 |       ||    10
       Kite shield       |       |       |       |   499 |   279 ||   778

Table legend: (Time is in decaauts)
 A = Elapsed time spent in this place.
 B = Non-inter-level travel time spent in this place.
 C = Inter-level travel time spent in this place.
 D = Time resting spent in this place.
 E = Time spent auto-exploring this place.
 F = Levels seen in this place.
 G = Mean time per level.
                   A        B        C        D        E       F      G
               +--------+--------+--------+--------+--------+-----+--------+
         Total |  18858 |  18437 |    421 |   1512 |  12419 |  19 |  992.5 |
       Dungeon |  11223 |  10930 |    293 |   1019 |   6999 |  11 | 1020.3 |
        Temple |    220 |    220 |      0 |      0 |    155 |   1 |  220.0 |
          Lair |   7242 |   7115 |    127 |    493 |   5145 |   6 | 1207.0 |
      Gauntlet |    171 |    171 |      0 |      0 |    120 |   1 |  171.0 |
               +--------+--------+--------+--------+--------+-----+--------+

Top non-repeatable levels by time:
  Lair:5: 1728 daAuts
  Lair:3: 1532 daAuts
     D:4: 1397 daAuts
     D:1: 1373 daAuts
  Lair:1: 1138 daAuts
     D:5: 1131 daAuts
     D:3: 1128 daAuts
     D:2: 1117 daAuts
  Lair:4: 1034 daAuts
    D:11: 974 daAuts
     D:9: 960 daAuts
  Lair:2: 960 daAuts
     D:7: 926 daAuts
    D:10: 886 daAuts
  Lair:6: 849 daAuts
